 Dungeon Crawl Stone Soup version 0.27-a0-1312-g5cdb2b3542 (webtiles) character file.

Game seed: 15817191893655367102

35 avis the Chopper (level 3, -1/31 HPs)
             Began as a Hill Orc Monk on June 20, 2021.
             Slain by Natasha (5 damage)
             ... on level 2 of the Dungeon.
             The game lasted 00:06:10 (1973 turns).

avis the Chopper (Hill Orc Monk)                    Turns: 1973, Time: 00:06:11

Health: -1/31      AC:  3    Str: 14    XL:     3   Next: 35%
Magic:  3/3        EV: 12    Int: 10    God:
Gold:   81         SH:  0    Dex: 13    Spells: 2/2 levels left

rFire    . . .     SeeInvis .   a - +0 hand axe
rCold    . . .     Faith    .   (no shield)
rNeg     . . .     Spirit   .   b - +0 robe
rPois    .         Reflect  .   (no helmet)
rElec    .         Harm     .   l - +0 cloak
rCorr    .         Rampage  .   (no gloves)
Will     .....                  (no boots)
Stlth    ++........             k - amulet of magic regeneration
HPRegen  0.10/turn              (no ring)
MPRegen  0.33/turn              (no ring)

@: slowed, very slow
A: no striking features
a: no special abilities


You were on level 2 of the Dungeon.
You visited 1 branch of the dungeon, and saw 2 of its levels.

You collected 81 gold pieces.

Inventory:

Hand Weapons
 a - a +0 hand axe (weapon)
 d - a +0 whip
 m - a +2 antimagic dagger
Missiles
 e - 25 stones (quivered)
Armour
 b - a +0 robe (worn)
 l - a +0 cloak (worn)
Jewellery
 k - an amulet of magic regeneration (around neck)
Wands
 n - a wand of iceblast (6)
Scrolls
 g - a scroll of identify {unknown}
 h - a scroll of teleportation {unknown}
 j - a scroll of fog {unknown}
Potions
 c - a potion of degeneration {unknown}
 f - a potion of haste {unknown}
 i - a potion of heal wounds {unknown}


   Skills:
 - Level 3.6 Fighting
 * Level 5.8 Axes
 - Level 2.4 Dodging
 - Level 1.5 Stealth


You had 2 spell levels left.
You didn't know any spells.
Your spell library was empty.

Dungeon Overview and Level Annotations

Branches:
Dungeon (2/15)

Altars:

Annotations:
D:2 Natasha


Message History

The magic dart hits you.
You closely miss Natasha.
Natasha is lightly wounded.
Natasha casts a spell at you. The magic dart hits you.
You closely miss Natasha.
Natasha is lightly wounded.
Natasha barely misses you.
You barely miss Natasha.
Natasha is lightly wounded.
Natasha claws you.
You hit Natasha.
Natasha is lightly wounded.
Natasha casts a spell at you.
You feel yourself slow down.
You completely miss Natasha.
Natasha is lightly wounded.
Natasha claws you!
You hit Natasha.
Natasha is severely wounded.
Natasha claws you but does no damage.
Natasha stares at you and mumbles some strange words.
The magic dart hits you!
* * * LOW HITPOINT WARNING * * *
Okay, then.
Okay, then.
You closely miss Natasha.
Natasha is severely wounded.
Natasha claws you.
* * * LOW HITPOINT WARNING * * *
You hit Natasha but do no damage.
Natasha is severely wounded.
Natasha closely misses you. Natasha barely misses you.
You closely miss Natasha.
Natasha is severely wounded.
Natasha barely misses you.
You barely miss Natasha.
Natasha is severely wounded.
Natasha claws you.
You die...

.#g# #.......#.#
############.. .#g#
#.......... .. #.. .#.# #
#.......#.# #.# #.. .#.#
#.###...# #.#
#.########.. .#.#
#......<# #.#.#
#......<.#.. .#.#
####..#.# #.#.#
#........#.. ...# #..#.#
#.#.#.#........#.. .#.#
#..#.# #h#.#.#........#..
##.# #..#.#
#@#.#.#........#.. ..(#
#......#.#.#.#.#.........
##.#
#.$....#.#.#.#.#....###.#
.(. ...........#.#.#....#
#.. .(#
##......#...#.#.######
### .((
.....................>
#......#.#.#.#.##..###
.......#.#...#.# .# ...?.
#.#...#.# #


You could see Natasha.

Vanquished Creatures
  An adder (D:2)
  An endoplasm (D:1)
  6 giant cockroaches
  2 goblins
  2 hobgoblins (D:1)
  A quokka (D:1)
  4 ball pythons
  A frilled lizard (D:2)
  5 kobolds
  2 rats
25 creatures vanquished.

Notes
Turn   | Place    | Note
-------+----------+-------------------------------------------
     0 | D:1      | avis the Hill Orc Monk began the quest for the Orb.
     0 | D:1      | Reached XP level 1. HP: 19/19 MP: 1/1
   120 | D:1      | Reached XP level 2. HP: 25/26 MP: 2/2
   465 | D:1      | Reached skill level 5 in Axes
   995 | D:2      | Reached XP level 3. HP: 18/31 MP: 3/3
  1959 | D:2      | Noticed Natasha
  1973 | D:2      | Slain by Natasha

Illustrated notes

Levels and vault maps discovered:
D:1:      erik_arrival_triangle_small, layout_rooms,
          amcnicky_mini_corridor_feature, fountainhead, grunt_decor_clamped
D:2:      layout_basic, minmay_heptomino_w4, uniq_jessica,
          uniq_crazy_yiuf_cottage, uniq_natasha

Skill      XL: |  1  2 |
---------------+-------+-----
Axes           | 5 |  5.8
Fighting       | |  3.6
Dodging        | |  2.4
Stealth        | |  1.5

Action                   || total
-------------------------++-------
Melee: Hand axe          ||   101
Throw: Stone             ||     6
 Stab: Sleeping          ||     5
       Distracted        ||     1
Armor: Robe              ||    18
Dodge: Dodged            ||    69

Table legend: (Time is in decaauts)
 A = Elapsed time spent in this place.
 B = Non-inter-level travel time spent in this place.
 C = Inter-level travel time spent in this place.
 D = Time resting spent in this place.
 E = Time spent auto-exploring this place.
 F = Levels seen in this place.
 G = Mean time per level.
                   A        B        C        D        E       F      G
               +--------+--------+--------+--------+--------+-----+--------+
         Total |   1985 |   1828 |    157 |    709 |    691 |   2 |  992.5 |
       Dungeon |   1985 |   1828 |    157 |    709 |    691 |   2 |  992.5 |
               +--------+--------+--------+--------+--------+-----+--------+

Top non-repeatable levels by time:
     D:1: 1430 daAuts
     D:2: 555 daAuts
